 Dungeon Crawl Stone Soup version 0.29-a0-356-g7bc237e783 (webtiles) character file.

Game seed: 17007527860478325698

27 ryw the Skirmisher (level 2, 0/25 HPs)
             Began as a Demonspawn Monk on Apr 25, 2022.
             Succumbed to Jessica's poison
             ... on level 2 of the Dungeon on Apr 26, 2022.
             The game lasted 00:02:39 (1732 turns).

ryw the Skirmisher (Demonspawn Monk)                Turns: 1732, Time: 00:02:40

Health: 0/25       AC:  7    Str: 11    XL:     2   Next: 93%
Magic:  2/2        EV:  9    Int: 11    God:
Gold:   51         SH:  4    Dex: 21    Spells: 1/1 levels left

rFire   + . .      SeeInvis .     - Unarmed
rCold   . . .      Faith    .   f - +0 buckler
rNeg    . . .      Spirit   .   j - +1 scale mail {rF+}
rPois   .          Reflect  .   (no helmet)
rElec   .          Harm     .   (no cloak)
rCorr   .          Rampage  .   (no gloves)
Will    .....                   (no boots)
Stlth   +.........              (no amulet)
HPRegen 0.08/turn               k - +6 ring of dexterity
MPRegen 0.08/turn               (no ring)

@: lethally poisoned (0 -> -5)
A: powered by pain 1
a: no special abilities


You were on level 2 of the Dungeon.
You visited 1 branch of the dungeon, and saw 2 of its levels.

You collected 51 gold pieces.

Inventory:

Armour
 a - a +0 robe
 f - a +0 buckler (worn)
 i - a +0 leather armour
 j - a +1 scale mail of fire resistance (worn)
Jewellery
 k - a +6 ring of dexterity (left hand)
Scrolls
 d - a scroll of noise {unknown}
 e - a scroll of immolation {unknown}
 g - a scroll of teleportation {unknown}
 l - a scroll of enchant armour {unknown}
Potions
 b - a potion of ambrosia


   Skills:
 - Level 3.8 Fighting
 + Level 0.6 Throwing
 - Level 0.6 Armour
 - Level 2.6 Dodging
 - Level 1.7 Stealth
 - Level 2.6 Unarmed Combat


You had one spell level left.
You didn't know any spells.
Your spell library was empty.

Dungeon Overview and Level Annotations

Branches:
Dungeon (2/15)

Altars:

Annotations:
D:2 Jessica


Innate Abilities, Weirdness & Mutations

You sometimes gain a little power by taking damage.


Message History

You barely miss Jessica.
Jessica is moderately wounded.
You feel sick. You block Jessica's attack.
Jessica casts a spell.
Jessica blinks!
You feel sick.
Jessica gestures wildly while chanting.
Jessica blinks!
You feel sick.
Level annotation: Jessica Welcome back, ryw the Demonspawn Monk.
Press ? for a list of commands and other information.
Unknown command.
You don't know any spells.
Throw: 3 javelins
Press: ? - help, Q - select action Shift-Dir - straight line, f - Jessica
Aim: Jessica, wielding a +0 dagger of venom and wearing a +0 robe (moderately wounded, fast, 63% to hit)
You throw a javelin. The javelin closely misses Jessica.
You feel sick.
You are no longer poisoned.
Jessica completely misses you. Jessica gestures at you while chanting.
You barely resist.
Throw: 2 javelins
Press: ? - help, Q - select action Shift-Dir - straight line, f/p - Jessica
Aim: Jessica, wielding a +0 dagger of venom and wearing a +0 robe (moderately wounded, fast, 63% to hit)
You throw a javelin. The javelin barely misses Jessica.
Jessica is no longer moving quickly.
Jessica hits you with a +0 dagger of venom.
* * * LOW HITPOINT WARNING * * *
You are lethally poisoned!
Jessica barely misses you.
A goblin comes into view. It is wielding a +0 club.
Throw: javelin
Press: ? - help, Q - select action Shift-Dir - straight line, f/p - Jessica
Aim: Jessica, wielding a +0 dagger of venom and wearing a +0 robe (moderately wounded, 63% to hit)
You throw a javelin. The javelin barely misses Jessica.
The javelin closely misses the goblin.
The goblin shouts!
You die...

#...#.##...### #
#..###.####...# .#
#.. #.# ###.##.# #..
#.# #....# ...
#.######..### ..#
#......#..#
##........##
#.........#
#.@.......#
#....@......)######.#
#.##...[........)...#
# #...........#######
#.........#.# #..
#.........#.####..#
#.........#......#
#.g.......#....####
#.........)..#.<..#


You could see Jessica and a goblin.

Vanquished Creatures
  An adder (D:2)
  A worm (D:2)
  A bat (D:1)
  2 endoplasms (D:1)
  A giant cockroach (D:1)
  A goblin (D:2)
  A hobgoblin (D:1)
  3 ball pythons
  3 kobolds
  2 rats (D:1)
16 creatures vanquished.

Notes
Turn   | Place    | Note
-------+----------+-------------------------------------------
     0 | D:1      | ryw the Demonspawn Monk began the quest for the Orb.
     0 | D:1      | Reached XP level 1. HP: 18/18 MP: 1/1
   939 | D:1      | Found a faded altar of an unknown god.
  1061 | D:1      | Gained mutation: You sometimes gain a little power by
                  | taking damage. [demonic ancestry]
  1061 | D:1      | Reached XP level 2. HP: 18/24 MP: 2/2
  1700 | D:2      | Noticed Jessica
  1732 | D:2      | Succumbed to Jessica's poison

Illustrated notes

Levels and vault maps discovered:
D:1:      heliophobic_arrival_enchanted_forest, layout_basic,
          dreamdust_ecumenical_altar_hidden_monk_grotto
D:2:      layout_rooms, uniq_jessica

Action                   || total
-------------------------++-------
Melee: Unarmed           ||    59
Throw: Javelin           ||     6
  Use: Scroll            ||     1
Armor: Robe              ||     2
       Scale mail        ||    10
Dodge: Dodged            ||    26
Block: Buckler           ||     9

Table legend: (Time is in decaauts)
 A = Elapsed time spent in this place.
 B = Non-inter-level travel time spent in this place.
 C = Inter-level travel time spent in this place.
 D = Time resting spent in this place.
 E = Time spent auto-exploring this place.
 F = Levels seen in this place.
 G = Mean time per level.
                   A        B        C        D        E       F      G
               +--------+--------+--------+--------+--------+-----+--------+
         Total |   1734 |   1620 |    114 |    156 |   1239 |   2 |  867.0 |
       Dungeon |   1734 |   1620 |    114 |    156 |   1239 |   2 |  867.0 |
               +--------+--------+--------+--------+--------+-----+--------+

Top non-repeatable levels by time:
     D:1: 1559 daAuts
     D:2: 175 daAuts
